Cogmind - Beta 16 @@@ ROGUE MODE // 2025.12.29 @ 01:16:08 Player: Bity Result: Destroyed by H-66 Slayer with Gauss Rifle Performance ------------- Evolutions (5) 2500 Regions Visited (4) 800 Robots Destroyed (24) 120 Value Destroyed (575) 575 Prototype IDs (6) 120 Alien Tech Used (0) 0 Bonus (800) 800 TOTAL SCORE: 4915 Bonus ------- Registered with UFD 300 Met Optimus in HQ 500 Cogmind --------- Core Integrity 0/1000 Matter 66/300 Energy 98/100 System Corruption 0% Temperature Cool (0) Movement Core (50) Location -5/Factory Parts ------- > --- POWER (2) -------- (None) > --- PROPULSION (4) --- (None) > --- UTILITY (7) ------ (None) > --- WEAPON (4) ------- (None) > --- INVENTORY (5) ---- Scrap Suit Advanced Signal Interpreter Overtuned Beamcaster Makeshift Shrapnel Gun Peak State ------------ > --- POWER ------------ (None) > --- PROPULSION ------- Overtuned Titanium Leg Overtuned Titanium Leg Wheel Wheel > --- UTILITY ---------- High-capacity Storage Unit Structural Scanner A0-MCA's Component Scanner > --- WEAPON ----------- Disruptor Cannon Disruptor Cannon Makeshift Axe > --- INVENTORY -------- Overtuned Medium Treads Overtuned Flexi-carbon Leg Scrap Suit Advanced Sensor Array Advanced Signal Interpreter Shield Generator Overtuned Beamcaster Makeshift Shrapnel Gun Overtuned Coil Gun Mass Driver Datajack DRS Beacon [Rating: 41] Favorites ----------- Power Ion Engine Engine Ion Engine Power Core Light Nuclear Core Propulsion Aluminum Leg Leg Aluminum Leg Wheel Wheel Utility High-capacity Storage Unit Device Weight Redist. System Storage High-capacity Storage Unit Processor A0-MCA's Component Scanner Protection Medium Armor Plating Weapon Grenade Launcher Energy Gun EM Pulse Gun Energy Cannon Disruptor Cannon Ballistic Gun Battle Rifle Ballistic Cannon Light Cannon Launcher Grenade Launcher Special Weapon Mining Laser Slashing Weapon Makeshift Axe Build | -11 -10 -10 -7 -5 ------- Run | Yrd Mat Sub Scr Fac Slots Evolved 10 | . . . . 10 Power 1 | . . . . 1 Propulsion 2 | . . . . 2 Utility 5 | . . . . 5 Weapon 2 | . . . . 2 Parts Attached 41 | 1 13 6 8 13 Power 2 | . 1 1 . . Engine 1 | . . 1 . . Core 1 | . 1 . . . Reactor . | . . . . . Propulsion 13 | . 2 . 6 5 Treads . | . . . . . Leg 7 | . 2 . 4 1 Wheel 6 | . . . 2 4 Hover . | . . . . . Flight . | . . . . . Utility 12 | 1 5 . 2 4 Device 6 | 1 1 . 2 2 Storage 3 | . 3 . . . Processor 2 | . 1 . . 1 Hackware . | . . . . . Protection 1 | . . . . 1 Artifact . | . . . . . Weapon 14 | . 5 5 . 4 Energy Gun . | . . . . . Energy Cannon 3 | . . . . 3 Ballistic Gun 3 | . 2 1 . . Ballistic Cannon 4 | . 2 1 . 1 Launcher 2 | . . 2 . . Special Weapon 1 | . 1 . . . Impact Weapon . | . . . . . Slashing Weapon 1 | . . 1 . . Piercing Weapon . | . . . . . Special Melee Weapon . | . . . . . Unidentified Prototypes . | . . . . . Parts Lost 23 | . 4 1 . 18 Power 3 | . 1 1 . 1 Propulsion 8 | . . . . 8 Utility 4 | . 1 . . 3 Weapon 8 | . 2 . . 6 Highest Loss Streak 11 | . 2 1 . 11 To Critical Strikes . | . . . . . Average Backups 16 | 7 8 17 18 15 Power 1 | 1 2 . . . Propulsion 3 | 4 2 2 3 4 Utility 6 | . 1 8 7 5 Weapon 4 | 1 1 4 6 5 Tool/Special . | . . . . . Unused Backups 39 | 9 7 1 12 10 Power 6 | 1 4 . 1 . Propulsion 8 | 4 2 . 1 1 Utility 9 | 1 . . 4 4 Weapon 15 | 3 1 1 6 4 Tool/Special 1 | . . . . 1 Average Slot Usage (%) 95 | . 97 99 100 51 Engine 10 | . 3 10 14 3 Core 2 | . 10 3 . . Leg 24 | . 28 28 26 . Wheel 1 | . . . 1 15 Device 11 | . 5 14 13 4 Storage 13 | . 14 14 14 4 Processor 1 | . 7 . . 4 Ballistic Gun 2 | . 10 3 . . Ballistic Cannon 6 | . 15 15 . 2 Launcher 8 | . . 6 14 4 Slashing Weapon 7 | . . 2 14 4 Peak Build Rating 41 | 7 11 14 22 41 Average Rating 15 | 6 8 12 17 29 On Entrance 11 | 6 7 11 14 19 Avg Prop Armor Cover (%) 9 | . . . 9 10 Naked Turns 16 | . . . . 16 Heaviest Build 72 | 12 51 56 52 72 Greatest Support 46 | 20 26 26 44 46 Greatest Overweight (x) 3 | . 2 2 2 3 Average Overweight (x) . | . . 1 1 . Largest Inventory Capacity 20 | 8 20 20 20 20 Average Capacity 18 | 8 9 20 20 18 Most Carried 20 | 8 12 20 20 20 Average Carried 17 | 7 8 18 19 17 Final Capacity 20 | 8 20 20 20 5 Final Carried 20 | 8 12 20 20 5 Class Distribution -------------------- 57% | Mutant 39% | Scavenger-Mutant 3% | Scavenger-Bomber Dominant Class ---------------- Mutant | -10/Materials Scavenger-Mutant | -10/Subcaves Mutant | -7/Scraptown Scavenger-Mutant | -5/Factory Resources | -11 -10 -10 -7 -5 ----------- Run | Yrd Mat Sub Scr Fac Matter Collected 892 | 217 271 150 39 215 Remotely . | . . . . . Salvage Created 895 | 124 409 150 . 212 Parts 59 | 10 20 14 . 15 Haulers Intercepted 2 | . 2 . . . Recyclers Shooed 1 | . . . . 1 Parts Field Recycled . | . . . . . Retrieved Matter . | . . . . . Parts Self-Destructed . | . . . . . Prevented . | . . . . . Parts Restored . | . . . . . Kills | -11 -10 -10 -7 -5 ------- Run | Yrd Mat Sub Scr Fac Combat Hostiles Destroyed 12 | . 8 4 . . Guns 6 | . 6 . . . Cannons 3 | . 2 1 . . AOE 3 | . . 3 . . Classes Destroyed 7 | 2 3 1 . 1 Builder 5 | . 1 . . 4 Tunneler 2 | 2 . . . . Hauler 2 | . 2 . . . Recycler 2 | 1 . . . 1 Watcher 1 | . . . . 1 Grunt 8 | . 8 . . . Subdweller 4 | . . 4 . . Best Kill Streak 3 | 2 3 3 . 2 Combat Bots Only 3 | . 3 3 . . Max Kills in Single Turn 2 | 1 2 2 . 1 Gunslinging . | . . . . . Exploded 2 | . . 2 . . Melee . | . . . . . Uniques/NPCs Destroyed . | . . . . . Combat | -11 -10 -10 -7 -5 -------- Run | Yrd Mat Sub Scr Fac Hostile Shots Fired 287 | . 44 17 . 226 Missed 79 | . 10 5 . 64 Hits 208 | . 34 12 . 162 Projectile 208 | . 34 12 . 162 AOE 4 | . . 1 . 3 Critical Strikes 5 | . . . . 5 Damage Taken 3413 | . 445 312 . 2656 Core 1216 | . 122 92 . 1002 Absorbed by Shields . | . . . . . Core Remaining (%) 57 | 100 . . 14 . Volleys Fired 74 | 7 39 20 . 8 Largest 3 | 2 2 2 . 3 Hottest 140 | 60 140 70 . 110 Shots Fired 143 | 14 75 40 . 14 Gun 70 | 14 50 6 . . Cannon 59 | . 22 26 . 11 Launcher 11 | . . 8 . 3 Special 3 | . 3 . . . Kinetic 121 | 7 69 36 . 9 Thermal 3 | . 3 . . . Explosive 7 | . . 4 . 3 Electromagnetic 12 | 7 3 . . 2 Robot Hit Streak 16 | 5 16 16 . 6 Robot Miss Streak 3 | 1 3 1 . 2 Penetration Max . | . . . . . Secondary Targets 1 | . 1 . . . Max Gunslinging Chain 1 | . 1 . . . Shots Hit Robots 103 | 11 51 25 . 16 Core Hits 47 | 5 20 13 . 9 Critical Kills . | . . . . . Critical Parts Destroyed . | . . . . . Critical Strikes 2 | . . . . 2 Blast 1 | . . . . 1 Sever 1 | . . . . 1 Melee Attacks 28 | . . 7 . 21 Impact . | . . . . . Slashing 28 | . . 7 . 21 Piercing . | . . . . . Sneak Attacks 6 | . . . . 6 Combat Hostiles . | . . . . . Follow-up Attacks . | . . . . . Damage Inflicted 2469 | 137 699 794 . 839 Guns 664 | 137 436 91 . . Cannons 575 | . 215 168 . 192 Explosions 676 | . . 535 . 141 Melee 506 | . . . . 506 Ramming . | . . . . . Kinetic 1330 | 51 614 544 . 121 Thermal 48 | . 48 . . . Explosive 391 | . . 250 . 141 Electromagnetic 194 | 86 37 . . 71 Impact . | . . . . . Slashing 506 | . . . . 506 Piercing . | . . . . . Highest Corruption . | . . . . . Average Corruption . | . . . . . Corruption Purged . | . . . . . Corruption Blocked . | . . . . . Overload Shots . | . . . . . Overflow Damage 241 | . . . . 241 Projectiles . | . . . . . Explosions . | . . . . . Melee 241 | . . . . 241 Knockbacks 4 | . 2 2 . . Impact . | . . . . . Kinetic 4 | . 2 2 . . Secondary . | . . . . . Self-Inflicted Damage 26 | . . 26 . . Shots 1 | . . 1 . . Rammed . | . . . . . Targets Rammed . | . . . . . Kicked . | . . . . . Crushed . | . . . . . Highest Temperature 210 | 40 210 . . 5 Average Temperature 47 | 20 59 . . 2 Received Heat Transfer 270 | . 252 6 . 12 Siege Activations . | . . . . . Martial Activations . | . . . . . Shielding Activations . | . . . . . Robots Disrupted . | . . . . . Combat Hostiles . | . . . . . Robots Corrupted . | . . . . . Combat Hostiles . | . . . . . Parts Fried . | . . . . . Impact Corruptions . | . . . . . Robots Melted . | . . . . . Combat Hostiles . | . . . . . Parts Melted . | . . . . . Heat Transferred 100 | . 100 . . . Parts Sabotaged . | . . . . . Parts Stolen . | . . . . . Parts Stripped . | . . . . . Power Chain Reactions . | . . . . . Alert | -11 -10 -10 -7 -5 ------- Run | Yrd Mat Sub Scr Fac Maximum Alert Level . | . . . . . Low Security (%) 100 | 100 100 . . 100 Level 1 . | . . . . . Level 2 . | . . . . . Level 3 . | . . . . . Level 4 . | . . . . . Level 5 . | . . . . . High Security . | . . . . . Max Security . | . . . . . Peak Influence 109 | 5 109 . . 49 Initial . | . . . . . Average 22 | 2 33 . . 6 Influence Increases 456 | 15 263 . . 178 Destroy 0b10 Robot/C 160 | . 160 . . . Destroy 0b10 Robot/NC 60 | 15 15 . . 30 Destroy Leader 36 | . 34 . . 2 Successful Hack 10 | . 8 . . 2 Disable Machine 30 | . 15 . . 15 Destroy Structure 55 | . 1 . . 54 Lose Combat Pursuer 105 | . 30 . . 75 Influence Decreases 456 | 15 263 . . 178 Time Decay 343 | 15 243 . . 85 Lost Part 113 | . 20 . . 93 Squads Dispatched 2 | . 1 . . 1 Investigation . | . . . . . Extermination . | . . . . . Reinforcement 2 | . 1 . . 1 Assault . | . . . . . Garrison . | . . . . . Intercept . | . . . . . Searches Triggered . | . . . . . Construction Impeded . | . . . . . Haulers Reinforced 1 | . . . . 1 Active Scanning Responses . | . . . . . Cargo Convoy Interrupts . | . . . . . Stealth | -11 -10 -10 -7 -5 --------- Run | Yrd Mat Sub Scr Fac Distress Signals 4 | . 1 . . 3 Communications Jammed . | . . . . . Distress Signals . | . . . . . Times Spotted 40 | . 13 12 . 15 Peak Tracking Total 7 | . 4 2 . 7 Tactical Retreats 5 | . 2 . . 3 Traps | -11 -10 -10 -7 -5 ------- Run | Yrd Mat Sub Scr Fac Traps Triggered . | . . . . . Indirectly . | . . . . . Trap Hack Attempts . | . . . . . Triggered . | . . . . . Disarmed . | . . . . . Reprogrammed . | . . . . . Reused . | . . . . . Traps Extracted . | . . . . . Installed . | . . . . . Triggered . | . . . . . Machines | -11 -10 -10 -7 -5 ---------- Run | Yrd Mat Sub Scr Fac Machines Disabled 2 | . 1 . . 1 Max in Single Turn 1 | . 1 . . 1 Machines Repaired . | . . . . . Machines Dismantled . | . . . . . Machines Sabotaged . | . . . . . Overloaded Fab Kills . | . . . . . Hacking | -11 -10 -10 -7 -5 --------- Run | Yrd Mat Sub Scr Fac Machines Accessed 11 | . 4 1 4 2 Terminals 4 | . 3 . . 1 Fabricators . | . . . . . Repair Stations . | . . . . . Recycling Units 1 | . 1 . . . Scanalyzers 1 | . . . . 1 Garrison Access . | . . . . . Total Hacks 53 | . 10 5 29 9 Successful 46 | . 6 5 29 6 Failed 6 | . 4 . . 2 Catastrophic 1 | . . . . 1 Database Lockouts 1 | . . . . 1 Manual 9 | . 7 1 . 1 Terminals 8 | . 7 . . 1 Fabricators . | . . . . . Repair Stations . | . . . . . Recycling Units 3 | . 3 . . . Scanalyzers 8 | . . . . 8 Garrison Access . | . . . . . Terminal Hacks 35 | . 1 5 29 . Record 34 | . . 5 29 . Emergency Access Points 1 | . 1 . . . Fabricator Hacks . | . . . . . Repair Station Hacks . | . . . . . Recycling Unit Hacks 2 | . 2 . . . Report Inventory 1 | . 1 . . . Retrieve Components 1 | . 1 . . . Scanalyzer 6 | . . . . 6 Insert Component 2 | . . . . 2 Analyze 2 | . . . . 2 Retrieve Study 2 | . . . . 2 Garrison Access Hacks . | . . . . . Unauthorized Hacks 3 | . 3 . . . Terminals 3 | . 3 . . . Botnet 3 | . 3 . . . Fabricators . | . . . . . Repair Stations . | . . . . . Recycling Units . | . . . . . Scanalyzers . | . . . . . Garrison Access . | . . . . . Data Cores Recovered . | . . . . . Used . | . . . . . Hacking Detections 5 | . 4 . . 1 Full Trace Events 1 | . 1 . . . Feedback Events . | . . . . . Feedback Blocked . | . . . . . Robot Schematics Acquired . | . . . . . Robots Built . | . . . . . Authchips . | . . . . . Time . | . . . . . Total Robot Build Rating . | . . . . . Part Schematics Acquired 2 | . . . . 2 Parts Built . | . . . . . Authchips . | . . . . . Time . | . . . . . Total Part Build Rating . | . . . . . Part Studies Acquired 2 | . . . . 2 Parts Repaired . | . . . . . Time . | . . . . . Parts Recycled . | . . . . . Recycled Matter . | . . . . . Retrieved Matter . | . . . . . Retrieved Components 1 | . 1 . . . Parts Scanalyzed 2 | . . . . 2 Part Schematics Acquired 2 | . . . . 2 Parts Damaged 1 | . . . . 1 Bothacking | -11 -10 -10 -7 -5 ------------ Run | Yrd Mat Sub Scr Fac Used RIF Installer . | . . . . . Robots Hacked . | . . . . . Non-combat . | . . . . . Combat . | . . . . . Robot Hacks Applied . | . . . . . Relay Couplers Released . | . . . . . Fabnet Peak Effective % . | . . . . . Robots Rewired . | . . . . . Allies Hacked . | . . . . . Hacks Repelled . | . . . . . Allies | -11 -10 -10 -7 -5 -------- Run | Yrd Mat Sub Scr Fac Total Allies . | . . . . . Largest Group . | . . . . . Highest-Rated Group . | . . . . . Highest-Rated Ally . | . . . . . Total Orders 1 | . . . . 1 EXPLORE 1 | . . . . 1 Ally Attacks . | . . . . . Total Damage . | . . . . . Kills . | . . . . . Allies Corrupted . | . . . . . Allies Melted . | . . . . . Intel | -11 -10 -10 -7 -5 ------- Run | Yrd Mat Sub Scr Fac Active Infowar (turns) 371 | 37 276 . 47 11 Sensors 32 | . . . 32 . Structural 26 | . . . 15 11 Seismic 313 | 37 276 . . . Robot Analysis Total . | . . . . . Derelict Logs Recovered 4 | . . 1 3 . Drone Launches 15 | . . . . 15 Drone Recoveries . | . . . . . Exploration | -11 -10 -10 -7 -5 ------------- Run | Yrd Mat Sub Scr Fac Turns Passed 5683 | 78 850 1592 2640 523 Spaces Moved 2968 | 36 451 698 1373 410 Core 53 | . . . . 53 Treads . | . . . . . Legs 2473 | 36 451 698 1276 12 Wheels 442 | . . . 97 345 Hover . | . . . . . Flight . | . . . . . Fastest Speed 50 | 120 120 190 95 50 Average Speed 167 | 120 141 199 185 84 Slowest Speed 260 | 120 260 260 240 170 Overloaded Moves . | . . . . . Propulsion Burnouts . | . . . . . Robots Hopped . | . . . . . Potential Cave-ins . | . . . . . Cave-ins Triggered . | . . . . . Exploration Rate (%) 40 | 2 48 47 89 15 Regions Visited 4 Branch Regions 2 Pre-discovered Areas 3 | . . 2 1 . Known Exits Taken . | . . . . . Unknown Exits Taken 4 | 1 1 1 1 . Scrap Searched 2 | . . 1 1 . Spaces Dug 13 | . . . . 13 Terrain Destroyed 97 | . 1 70 . 26 Melee 13 | . . . . 13 Projectile 2 | . 1 . . 1 AOE 82 | . . 70 . 12 Terrain Rammed . | . . . . . Walls Destroyed . | . . . . . Machines Disabled . | . . . . . Actions | -11 -10 -10 -7 -5 --------- Run | Yrd Mat Sub Scr Fac Total 3523 | 60 587 850 1473 553 Wait 308 | 7 64 105 52 80 Move 2964 | 35 450 697 1372 410 Hop . | . . . . . Pick Up 53 | 6 12 11 18 6 Fast Attach 9 | 1 2 . . 6 Attach 15 | . 2 1 . 12 Detach . | . . . . . Swap 27 | . 9 6 11 1 Drop 41 | 4 9 3 20 5 Fire 74 | 7 39 20 . 8 Melee 28 | . . 7 . 21 Ram . | . . . . . Kick . | . . . . . Crush . | . . . . . Escape Stasis . | . . . . . Rewire . | . . . . . Trap . | . . . . . Miscellaneous 4 | . . . . 4 Route ------- -11/Scrapyard -10/Materials (discovered 3 exits: [*Mat] / [*Min] / *Sub) -10/Subcaves (discovered 3 exits: [*Mat x2] / *Scr) -7/Scraptown (discovered 2 exits: *Fac x2) -5/Factory History --------- Turn | Location | Event 1 | -11/Scrapyard | Discovered new exit (range 3) 79 | -11/Scrapyard | Entered Materials 320 | -10/Materials | Build established: Mutant 417 | -10/Materials | Discovered new exit (range 10) 557 | -10/Materials | Discovered new exit (range 6) 625 | -10/Materials | Discovered new exit (range 3) 929 | -10/Materials | Entered Subcaves 930 | -10/Subcaves | Approached by a straggling Scientist 1071 | -10/Subcaves | Disturbed a concealed Subdweller 1183 | -10/Subcaves | Build established: Scavenger-Mutant 1372 | -10/Subcaves | Core integrity fell below 50% 1534 | -10/Subcaves | Learned location of Zion (-7) 1534 | -10/Subcaves | Met a Zionite searching for "candidates" 1835 | -10/Subcaves | Core integrity fell below 20% 1915 | -10/Subcaves | Shifting Twisted Machinery released Sub. Laser 1940 | -10/Subcaves | Shifting Twisted Machinery released Flamer 1985 | -10/Subcaves | Discovered new exit (range 12) 2199 | -10/Subcaves | Ambushed by Subdweller buried in earth 2202 | -10/Subcaves | Ambushed by Subdweller buried in earth 2205 | -10/Subcaves | Ambushed by Subdweller buried in earth 2250 | -10/Subcaves | Discovered new exit (range 8) 2258 | -10/Subcaves | Visited Clippyterm 2266 | -10/Subcaves | Learned location of Deep Caves (-7) 2266 | -10/Subcaves | Learned Factory garrison access intel 2456 | -10/Subcaves | Learned Materials terminal intel 2481 | -10/Subcaves | Scientist uncovered a shortcut to Scraptown 2521 | -10/Subcaves | Entered Scraptown 3022 | -7/Scraptown | Scanned Subdweller tech in exchange for log data 3028 | -7/Scraptown | Learned Factory security intel 3030 | -7/Scraptown | Learned Factory machine intel 3052 | -7/Scraptown | Discovered new exit (range 13) 3087 | -7/Scraptown | Build established: Mutant 3193 | -7/Scraptown | Visited The Evicted 3223 | -7/Scraptown | Visited Awakened 3235 | -7/Scraptown | Visited Supply Room 3325 | -7/Scraptown | Visited UFD Registry 3325 | -7/Scraptown | Registered with UFD as "Microguard" 3371 | -7/Scraptown | Visited Spacefarers 3499 | -7/Scraptown | Visited Symbiants 3532 | -7/Scraptown | Visited Fellowship of the Rings 3910 | -7/Scraptown | Visited Infowarlord's Domain 3944 | -7/Scraptown | Visited Curators Association 3999 | -7/Scraptown | Visited Science Guys 4056 | -7/Scraptown | Delivered Scrap Shield to a Scientist 4246 | -7/Scraptown | Visited Supply Room 4324 | -7/Scraptown | Visited Observation Area 4438 | -7/Scraptown | Visited Scrap Suit Storage 4592 | -7/Scraptown | Visited Derelict Rescue Squad 4605 | -7/Scraptown | Found DRS Beacon 4644 | -7/Scraptown | Visited Scrapoid Research Area 4682 | -7/Scraptown | Visited Modified Component R&D 4887 | -7/Scraptown | Found Scrap Suit 4974 | -7/Scraptown | Visited A0-MCA Data Center 4998 | -7/Scraptown | Given a B- rating by A0-MCA 5006 | -7/Scraptown | Found A0-MCA's Component Scanner 5081 | -7/Scraptown | Met Optimus 5081 | -7/Scraptown | Accepted into 0bPrime 5154 | -7/Scraptown | Discovered new exit (range 3) 5161 | -7/Scraptown | Entered Factory 5161 | -5/Factory | Evolved 10 slots: Power x1, Propulsion x2, Utility x5, Weapon x2 5163 | -5/Factory | Loaded intel: 312 machine locations 5164 | -5/Factory | Loaded intel: 4 garrison access locations 5227 | -5/Factory | Central database locked down 5366 | -5/Factory | Build established: Scavenger-Mutant 5549 | -5/Factory | Lost 6 parts (1p2n1u2w) 5641 | -5/Factory | Released all parts (4) 5645 | -5/Factory | Core integrity fell below 50% 5668 | -5/Factory | Lost 11 parts (6n1u4w) 5679 | -5/Factory | Core integrity fell below 20% 5684 | -5/Factory | Destroyed by H-66 Slayer with Gauss Rifle Last Messages --------------- 05670_ K-01 Serf cleans the Fusion Modulator. 05676_ Slug penetrates Nuclear Reactor. 05678_ Nuclear Reactor explodes. 05678_ Penetrated by Slug. 05678_ Slug penetrates H-66 Slayer. 05678_ Penetrated by Slug. 05678_ Slug penetrates Earth. 05678_ Penetrated by Slug. 05679_ K-01 Serf cleans the Fusion Modulator. 05679_ Penetrated by Slug. 05680_ Slug penetrates Fusion Modulator. 05680_ Slug penetrates H-66 Slayer. 05681_ The unstable cave ceiling collapses. 05681_ Slug penetrates Wall. 05681_ Mni. Drone Bay destroyed. 05681_ >> Lost connection to Mini Drone. 05681_ Penetrated by Slug. 05681_ >> Lost connection to Mini Drone. 05682_ Slug penetrates Wall. Map ----- +----------------------------------------------------+ | ######"##############?# #??????????????????## | | # #?#""" #??????????????????# | | """""" # #?#""" ! #??????????????????# | | """""" # ! #?#""" ]#??????????????????# | | """""" # #?# #??????????????????# | | """"" *#! #?# #??????????????????# | | !#| * ######+###????############### | | """""" #! ##### ##????############### | | """"""!# + ######## # | | """"""!# ##### ######## # | | """" *# #??### / # | | # #???## ###### # | | # #???## ###### """"" " | | #/############+####+###### ##??## """"" ## | | ##??## """ #? | | ##??## ## | | ##??## """"" ## | | """ """ """ ##??## """"" ## | | """ """ """ ##??## """ #? | | ########+### """ """ """ ##??## #? | | ?# = # ############+####### | | ?# # """ """ """ | | ## """"""" # """ """ """ | | + """"""" # """ """ """ w | | ## """"""" # h | | ?# """"""" # @ h | | ?# # #####+########### #### | | ?# # ## #????# #??# | | #######+#### ## #????# ##?# | | + ## #????# #?# | | # + #????#!! ### | | " """ """ # ## !! #????#!! ## | | " """ """ # ## !! #????#!! ## | | " """ """ # ## #????# ####### | | # ## #????# ! #????? | | """ # + #????# #????? | | " """ # ###########???#### ##????? | | "" """ # #?? # ###?????? | | # ############??????## ####???????? | | ############ #??????????????????###??????????? | | ????????######+#+#####??????????##???????????????? | | ????????# ######### #???????????????? | | ????????#" + T #???????????????? | | ????????#" ######### #???????????????? | | ????????#" """ """ #??????????##???????????????? | | ????????#T """ """ =#???????????????????????????? | | ????????#" """ """ #??????""???????????????????? | | ????????#" #?????"""???????????????????? | | ????????#" """ """ *#?????"F????????????????????? | | ????????# """ """ #?????"""??"""??????????????? | +----------------------------------------------------+ Best States ------------- Heat Dissipation 40 Energy Generation 14 Energy Capacity 250 Matter Stores 300 Matter Capacity 300 Sight Range 16 Robot Scan Range 14 Terrain Scan Density 10 Additional Mass Support 6 Armor Coverage 225 Evasion (%) 55 Item Schematics ----------------- Ovr. Flexi-carbon Leg | -5/Factory | Scanalyzed Ovr. Medium Treads | -5/Factory | Scanalyzed Robot Schematics ------------------ None Fabricated ------------ Nothing Repaired ---------- Nothing Studied --------- Wheel | -5/Factory | Hacked Mass Driver | -5/Factory | Hacked Alien Tech Used ----------------- None Achievements -------------- None Challenges ------------ None Game ------ Seed MeleeSchematicSink Manual? 0 Play Time 00:39:58 Cumulative 44.9 hours Start 2025.12.29 @ 00:35:14 End 2025.12.29 @ 01:16:08 Sessions 1 Manual Loads 0 Difficulty Rogue Special Mode None Game No. 62 Rogue 62 Adventurer 0 Explorer 0 Win Type - Total 1 Types 1/0/0/0/0/0/0/0/0/0 Lore% 37 Gallery% 43 Achievement% 34 Wizard Run 0 Options --------- Layout 2 ASCII 0 Keyboard 1 Movement Numpad Keybinds 0 Fullscreen 2 Font 24/Smallcaps Map View 50x44 Zoom Use 0% Tactical HUD 1 Map Filters NONE Filters NONE Steam 1 RUN: 735dac75-a14f-44ef-8904-37a0a2015a3a